 Dungeon Crawl Stone Soup version 0.18-a0-1702-gd20c6a5 (webtiles) character file.

28 vev the Stinger (level 2, -2/19 HPs)
             Began as a Vampire Venom Mage on Apr 7, 2016.
             Slain by a worm (9 damage)
             ... on level 2 of the Dungeon.
             The game lasted 00:01:50 (1731 turns).

vev the Stinger (Vampire Venom Mage)                Turns: 1731, Time: 00:01:51

Health: -2/19      AC:  4    Str:  7    XL:     2   Next: 96%
Magic:  0/6        EV: 12    Int: 17    God:
Gold:   43         SH:  0    Dex: 14    Spells: 1 memorised, 6 levels left

rFire  . . .     SeeInvis +     e - +0 spear
rCold  + + .     Gourm    .     a - +0 robe
rNeg   + + +     Faith    .     (no shield)
rPois  +         Spirit   .     (no helmet)
rElec  .         Dismiss  .     f - +0 cloak
rCorr  .         Reflect  .     h - +0 pair of gloves
SustAt .         Harm     .     (no boots)
MR     .....                    (no amulet)
Stlth  +++.......               (no ring)
                                (no ring)

@: regenerating slowly, not resistant to hostile enchantments, fairly stealthy
A: fangs 3, see invisible, unbreathing
a: no special abilities


You were on level 2 of the Dungeon.
You were near bloodless.

You visited 1 branch of the dungeon, and saw 2 of its levels.

You collected 43 gold pieces.

Inventory:

Hand Weapons
 e - a +0 spear (weapon)
Armour
 a - a +0 robe (worn)
 f - a +0 cloak (worn)
 h - a +0 pair of gloves (worn)
Scrolls
 d - a scroll of teleportation {unknown}
 g - a scroll of noise {unknown}
Potions
 c - 3 potions of blood
Books
 b - a Young Poisoner's Handbook

   Spells                             Type                      Level
   a - Sting                          Conjuration/Poison           1
   b - Cure Poison                    Poison                       2
   c - Mephitic Cloud                 Conjuration/Poison/Air       3
   d - Olgreb's Toxic Radiance        Poison                       4
   e - Venom Bolt                     Conjuration/Poison           5


   Skills:
 - Level 2.1 Dodging
 - Level 3.0 Stealth
 + Level 3.1 Spellcasting
 - Level 3.7 Poison Magic


You had 6 spell levels left.
You knew the following spells:

 Your Spells              Type           Power        Failure   Level  Hunger
a - Sting                 Conj/Pois      #...         10%         1    None


Dungeon Overview and Level Annotations

Branches:
Dungeon (2/15)

Altars:


Innate Abilities, Weirdness & Mutations

You heal slowly.
You have razor-sharp teeth.
You have supernaturally acute eyesight.
You can survive without breathing.


Message History

You barely miss the jackal. The jackal bites you.
The jackal closely misses you.
You closely miss the jackal. The jackal closely misses you.
The jackal barks!
You hit the jackal but do no damage.
The jackal bites you but does no damage.
The jackal closely misses you.
You feel almost devoid of blood!
You hit the jackal but do no damage. The jackal closely misses you.
The worm barely misses you.
You hit the worm.
The worm is moderately wounded.
The jackal misses you. The jackal bites you.
Casting: Sting
Confirm with . or Enter, or press ? or * to list all spells.
Aiming: Sting
Press: ? - help, Shift-Dir - straight line, f - worm, p - jackal
Aim: a worm (moderately wounded)
The sting misses the worm.
The jackal barely misses you. The worm bites you!
You die...

#.#<†.# # ###.###.#.#####
...............
......###+######
......'........#
......##.......# ..
......##...%...# ####'###..
..)...........h####$..<..g..
.............hhh@.#..?......
......###.#######w#..w.....#
.......#.(......#.#........#
.......#.#.####.#)#........#
.......#.#.##...#).(.).....#
.......#.#.##.######(.......
####'#.#.#.##. #........
#.#.## #K...)... #.#h#
.........


You could see a worm and 4 jackals.

Vanquished Creatures
  A dart slug (D:1)
  A giant gecko (D:2)
  2 ball pythons
  2 giant cockroaches
  3 goblins
  2 hobgoblins
  3 jackals (D:2)
  4 kobolds (D:2)
  2 bats (D:1)
  2 rats
22 creatures vanquished.

Vanquished Creatures (others)
  A bat (D:2)
1 creature vanquished.

Grand Total: 23 creatures vanquished

Notes
Turn   | Place    | Note
--------------------------------------------------------------
     0 | D:1      | vev the Vampire Venom Mage began the quest for the Orb.
     0 | D:1      | Reached XP level 1. HP: 13/13 MP: 3/3
   308 | D:1      | Reached XP level 2. HP: 10/19 MP: 5/5
  1731 | D:2      | Slain by a worm

Vault maps used:
D:1:      dpeg_arrival_chase
D:2:      grunt_temple_overflow_order_and_chaos_1, fiery_altar_vehumet,
          first_bread

Skill      XL: |  1  2 |
---------------+-------+-----
Spellcasting   | 3 |  3.1
Dodging        | |  2.1
Stealth        | |  3.0
Poison Magic   | |  3.7

Action                   || total
-------------------------++-------
Melee: Spear             ||    67
       Unarmed           ||    12
 Cast: Sting             ||    27
 Stab: Sleeping          ||     2
       Distracted        ||     1
